 Dungeon Crawl Stone Soup version 0.27-a0-404-g4390dbc5be (webtiles) character file.

Game seed: 10447398255653175559

118 KristoblXynda the Slasher (level 4, -4/51 HPs)
             Began as a Draconian Gladiator on Feb 22, 2021.
             Was an Initiate of Hepliaklqana.
             Killed by divine providence
             ... invoked by an orc priest
              (14 damage)
             ... on level 3 of the Dungeon.
             The game lasted 00:02:39 (2201 turns).

KristoblXynda the Slasher (Draconian Gladiator)     Turns: 2201, Time: 00:02:39

Health: -4/51      AC: 22    Str: 16    XL:     4   Next: 72%
Magic:  4/4        EV:  2    Int: 10    God:    Hepliaklqana [......]
Gold:   90         SH:  0    Dex: 12    Spells: 3/3 levels left

rFire    . . .     SeeInvis .   a - +0 long sword
rCold    . . .     Faith    .   (no shield)
rNeg     + + +     Spirit   .   (armour unavailable)
rPois    +         Reflect  .   (helmet currently unavailable)
rElec    .         Harm     .   (cloak currently unavailable)
rCorr    .         Rampage  .   (gloves currently unavailable)
Will     .....     NoTele   +   (boots currently unavailable)
Stlth    +.........             (no amulet)
HPRegen  0.17/turn              (no ring)
MPRegen  0.09/turn              (no ring)

@: tree-form (expiring)
A: unfitting armour, reduced essence, AC +5
a: Renounce Religion, Recall Ancestor, Ancestor Identity


You were on level 3 of the Dungeon.
You worshipped Hepliaklqana.
Hepliaklqana was noncommittal.
You were a tree.
You visited 1 branch of the dungeon, and saw 3 of its levels.

You collected 90 gold pieces.

Inventory:

Hand Weapons
 a - a +0 long sword (weapon)
Missiles
 c - 4 throwing nets (quivered)
Armour
 b - a +0 hat (melded)
Jewellery
 g - an amulet of magic regeneration {unknown}
Scrolls
 d - 3 scrolls of identify {unknown}
 h - a scroll of random uselessness {unknown}
 i - a scroll of teleportation {unknown}
 k - a scroll of fog {unknown}
 l - a scroll of magic mapping {unknown}
 m - a scroll of amnesia {unknown}
Potions
 j - a potion of might {unknown}


   Skills:
 - Level 3.0 Fighting
 * Level 4.1 Long Blades
 + Level 2.4 Throwing
 + Level 3.3 Dodging
 + Level 0.5 Invocations


You had 3 spell levels left.
You didn't know any spells.
Your spell library was empty.

Dungeon Overview and Level Annotations

Branches:
Dungeon (3/15)

Altars:
Hepliaklqana
Makhleb
Nemelex Xobeh
Sif Muna
Vehumet


Innate Abilities, Weirdness & Mutations

((Your plain brown scales are hard. (AC +5)))
You cannot fit into any form of body armour.
((You are cold-blooded and may be slowed by cold attacks.))
Your life essence is reduced to manifest your ancestor. (-10% HP)


Message History

The orc priest hits you but does no damage.
Unknown command.
Your transformation is almost over.
The ooze hits you but does no damage.
Ku-aya closely misses the orc priest.
The orc priest hits you but does no damage.
Something hits you but does no damage.
The orc priest hits you but does no damage.
Unknown command.
You feel less invigorated.
You feel less confused. The ooze hits you but does no damage.
Ku-aya barely misses the orc priest.
The orc priest hits you but does no damage.
Something hits you.
* * * LOW HITPOINT WARNING * * *
The orc priest hits you but does no damage.
You barely miss the orc priest.
The orc priest is moderately wounded.
The ooze hits you but does no damage.
Ku-aya hits the orc priest.
Something hits you but does no damage.
The orc priest hits you but does no damage. x2
The ooze hits you but does no damage.
Ku-aya hits the orc priest.
Unknown command.
You hit the orc priest.
You kill the orc priest!
Something hits you.
* * * LOW HITPOINT WARNING * * *
The orc priest casts a cantrip, but nothing happens.
The ooze hits you but does no damage.
Unknown command.
You hit the orc priest but do no damage.
Something hits you but does no damage.
Ku-aya barely misses the orc priest.
The orc priest hits you with a +0 flail.
* * * LOW HITPOINT WARNING * * *
The ooze hits you but does no damage.
Unknown command.
You closely miss the orc priest. Something hits you but does no damage.
Ku-aya closely misses the orc priest.
The ooze hits you but does no damage.
The orc priest calls down the wrath of Beogh upon you.
Beogh smites you!
You die...

#....#..# #.......#
#..#.#..# #.##.#..# .#
###.......# ...#
###...##.####
.#...#######...#......#
......oR.....†##.##.#.#
.....BJ♣......##.##.# #
....##{)......##.# .
.....[.....##.#
...############.# #.#
.. #


You could see the friendly Ku-aya the ancestor, an orc priest (ally target), an
ooze and a giant cockroach.

Vanquished Creatures
  An orc priest (D:3)
  An adder (D:2)
  3 worms (D:2)
  3 dart slugs
  A leopard gecko (D:1)
  4 giant cockroaches
  6 goblins
  6 hobgoblins
  A jackal (D:2)
  3 quokkas
  2 ball pythons (D:1)
  7 bats
  3 frilled lizards
  3 kobolds
  23 rats
67 creatures vanquished.

Vanquished Creatures (collateral kills)
  An orc (D:3)
1 creature vanquished.

Grand Total: 68 creatures vanquished

Notes
Turn   | Place    | Note
-------+----------+-------------------------------------------
     0 | D:1      | KristoblXynda the Draconian Gladiator began the quest for
                  | the Orb.
     0 | D:1      | Reached XP level 1. HP: 17/17 MP: 1/1
   215 | D:1      | Reached XP level 2. HP: 23/25 MP: 2/2
   913 | D:2      | Found a sparkling altar of Nemelex Xobeh.
   988 | D:2      | Reached XP level 3. HP: 30/30 MP: 3/3
  1494 | D:2      | Found a shimmering blue altar of Sif Muna.
  1791 | D:2      | Reached XP level 4. HP: 37/37 MP: 4/4
  2037 | D:2      | Found a burning altar of Makhleb.
  2039 | D:2      | Found a hazy altar of Hepliaklqana.
  2040 | D:2      | Found a radiant altar of Vehumet.
  2047 | D:2      | Became a worshipper of Hepliaklqana the Forgotten
  2168 | D:3      | Reached skill level 4 in Long Blades
  2194 | D:3      | HP: 2/51 [something/puff of flame (7)]
  2201 | D:3      | Killed from afar by an orc priest

Illustrated notes

Levels and vault maps discovered:
D:1:      psy_arrival_basics, layout_loops_corners
D:2:      minmay_razor_zed, layout_basic, nemelex_xobeh_ov_fountains_minmay,
          minitemple, minmay_rat_hole
D:3:      cheibrodos_pilgrimage, layout_loops_cross, kennysheep_ying_yang,
          chequers_serial_rivers_marsh

Skill      XL: |  1  2  3  4 |
---------------+-------------+-----
Throwing       | 2 |  2.4
Dodging        | 3 |  3.3
Fighting       | 3 |  3.0
Long Blades    | 4 |  4.1
Invocations    | |  0.5

Action                   |  1- 3 |  4- 6 || total
-------------------------+-------+-------++-------
Melee: Long sword        |    99 |    49 ||   148
       Tailslap          |    11 |     6 ||    17
  Use: Potion            |       |     2 ||     2
 Stab: Sleeping          |     3 |     1 ||     4
Armor: Skin              |    31 |    51 ||    82
Dodge: Dodged            |    75 |    39 ||   114
       Rpst.: Long sword |    27 |    12 ||    39

Table legend: (Time is in decaauts)
 A = Elapsed time spent in this place.
 B = Non-inter-level travel time spent in this place.
 C = Inter-level travel time spent in this place.
 D = Time resting spent in this place.
 E = Time spent auto-exploring this place.
 F = Levels seen in this place.
 G = Mean time per level.
                   A        B        C        D        E       F      G
               +--------+--------+--------+--------+--------+-----+--------+
         Total |   2232 |   2200 |     32 |      0 |   1844 |   3 |  744.0 |
       Dungeon |   2232 |   2200 |     32 |      0 |   1844 |   3 |  744.0 |
               +--------+--------+--------+--------+--------+-----+--------+

Top non-repeatable levels by time:
     D:2: 1169 daAuts
     D:1: 919 daAuts
     D:3: 144 daAuts
